 Dungeon Crawl Stone Soup version 0.30.1-9-gdf580d7c3d (webtiles) character file.

Game seed: 2176678094866070312

236952 2SB3 the Severer (level 18, 0/162 HPs)
             Began as a Minotaur Berserker on Oct 20, 2023.
             Was a High Priest of Trog.
             Slain by an entropy weaver (2 damage)
             ... on level 4 of the Spider Nest.
             The game lasted 01:08:07 (47991 turns).

2SB3 the Severer (Minotaur Berserker)              Turns: 47991, Time: 01:08:08

Health: 0/162      AC: 23    Str: 27 (32) XL:     18   Next: 95%
Magic:  5/5        EV: 12    Int: -1 (7)  God:    Trog [*****.]
Gold:   1585       SH:  0    Dex:  6 (11) Spells: 17/17 levels left

rFire   + . .        R - +2 executioner's axe (antimagic)
rCold   . . .        (shield currently unavailable)
rNeg    . . .        b - +6 chain mail of Naosed {rF+}
rPois   +            (helmet restricted)
rElec   .            d - +1 cloak
rCorr   +            Z - +1 pair of gloves {Stlth+}
SInv    .            T - +4 pair of boots of Inaqaut {rPois Stlth+}
Will    ++++.        F - amulet of the Duke {Faith Int+3}
Stlth   +            L - ring "Byb Xuon" {Fly rCorr Str+3 Stlth+}
HPRegen 1.47/turn    m - ring of willpower
MPRegen 0.09/turn

%: faith
@: strong-willed, corroded, flying, regenerating, slowed, lost intelligence,
unable to read, very slow
A: horns 2, retaliatory headbutt, deformed body, frail 1
}: 1/15 runes: decaying
a: Renounce Religion, Berserk, Trog's Hand, Brothers in Arms


You were on level 4 of the Spider Nest.
You worshipped Trog.
Trog was extremely pleased with you.
You visited 5 branches of the dungeon, and saw 30 of its levels.
You also visited: Sewer, Bailey, Gauntlet and Ice Cave.

You collected 3764 gold pieces.
You spent 2179 gold pieces at shops.

Inventory:

Hand Weapons
 R - a +2 antimagic executioner's axe (weapon)
 V - a +6 executioner's axe of flaming
Armour
 b - the +6 chain mail of Naosed (worn) {rF+}
   (You found it on level 4 of the Dungeon)

   rF:        It protects you from fire.
 d - a +1 cloak (worn)
 K - the +3 pair of mountain boots {steadfast, rC+}
   (You found it in a Gauntlet)

   Steadfast: It prevents involuntary movement, except for blinking,
   teleportation, or banishment.
   rC:        It protects you from cold.
 T - the +4 pair of boots of Inaqaut (worn) {rPois Stlth+}
   (You found it on level 13 of the Dungeon)

   rPois:     It protects you from poison.
   Stlth:     It makes you more stealthy.
 Y - the +0 pair of boots of Xofol {+Blink rN++ rCorr Dex-3}
   (You bought it in a shop on level 2 of the Orcish Mines)

   Dex:       It affects your dexterity (-3).
   rN:        It greatly protects you from negative energy.
   +Blink:    It lets you blink.
   rCorr:     It protects you from acid and corrosion.
 Z - a +1 pair of gloves of stealth (worn)
Jewellery
 m - a ring of willpower (right hand)
 F - the amulet of the Duke (around neck) {Faith Int+3}
   (You found it in a Gauntlet)

   [amulet of faith]

   It allows you to gain divine favour quickly.
   Int:       It affects your intelligence (+3).
 L - the ring "Byb Xuon" (left hand) {Fly rCorr Str+3 Stlth+}
   (You found it in a Gauntlet)

   [ring of resist corrosion]

   Str:       It affects your strength (+3).
   Fly:       It grants you flight.
   rCorr:     It protects you from acid and corrosion.
   Stlth:     It makes you more stealthy.
Wands
 o - a wand of polymorph (13)
 r - a wand of light (16)
 P - a wand of paralysis (11)
 U - a wand of flame (28)
 W - a wand of mindburst (14)
 X - a wand of iceblast (25)
Scrolls
 a - 13 scrolls of teleportation
 c - 4 scrolls of poison
 e - a scroll of blinking
 f - 8 scrolls of fog
 k - 2 scrolls of magic mapping
 q - a scroll of brand weapon
 v - 9 scrolls of enchant armour
 w - 7 scrolls of immolation
 x - 2 scrolls of silence
 y - 5 scrolls of enchant weapon
 A - 7 scrolls of fear
 G - 3 scrolls of noise
 M - 12 scrolls of identify
 S - 3 scrolls of summoning
Potions
 g - 5 potions of might
 h - 4 potions of lignification
 i - 3 potions of attraction
 j - 10 potions of curing
 l - 5 potions of haste
 n - 3 potions of berserk rage
 p - 4 potions of magic
 s - 3 potions of heal wounds
 t - 4 potions of mutation
 z - 2 potions of cancellation
 D - 2 potions of resistance
 H - 4 potions of ambrosia
 I - 5 potions of brilliance
 J - 5 potions of invisibility
 Q - 5 potions of flight
Miscellaneous
 C - a piece from Xom's chessboard (15/15)
 E - a phial of floods (inert)
 N - a box of beasts (inert)
 O - a condenser vane


   Skills:
 * Level 20.9 Fighting
 * Level 20.9 Axes
 * Level 16.5 Armour
 * Level 15.2 Dodging
 * Level 12.5 Evocations


You had 17 spell levels left.
You didn't know any spells.
Your spell library was empty.

Dungeon Overview and Level Annotations

Branches:
Dungeon (15/15)            Temple (0/1) D:6            Lair (5/5) D:11
  Swamp (4/4) Lair:2       Spider (4/4) Lair:3        Slime (0/5) Lair:5
    Orc (2/2) D:10            Elf (0/3) Orc:2        Vaults (0/5) D:13
 Depths (0/4) D:15          Sewer (visited)          Bailey (visited)
  IceCv (visited)         Gauntlet (visited)

Altars:
Cheibriados
Dithmenos
Gozag
Kikubaaqudgha
Makhleb
Nemelex Xobeh
Okawaru
Ru
Vehumet
Yredelemnul
Zin
The Shining One
Jiyva

Shops:
Orc:1 (   Orc:2 *:[[


Innate Abilities, Weirdness & Mutations

You have a pair of horns on your head.
You reflexively headbutt those who attack you in melee.
Armour fits poorly on your strangely shaped body.
You are frail. (-10% HP)


Message History

You hear an angry buzzing noise.
You hear a faint skittering sound.
The meliai hits you with a +0 broad axe.
The meliai barely misses you. x3
The wolf spider hits you but does no damage.
The wolf spider closely misses you. The entropy weaver hits you!
* * * LOW HITPOINT WARNING * * *
The entropy weaver hits you but does no damage. x3
The meliai hits you with a +0 broad axe!
* * * LOW HITPOINT WARNING * * *
The meliai stings you but does no damage.
The meliai closely misses you. You furiously retaliate!
You headbutt the meliai!
The meliai stings you but does no damage.
The wolf spider hits you!
* * * LOW HITPOINT WARNING * * *
The wolf spider bites you but does no damage.
The entropy weaver hits you!
* * * LOW HITPOINT WARNING * * *
The entropy weaver hits you but does no damage. x2
The entropy weaver hits you!
* * * LOW HITPOINT WARNING * * *
The meliai hits you but does no damage. The meliai barely misses you.
The meliai hits you but does no damage. The meliai closely misses you.
Unknown command.
You cannot read scrolls in your current state!
You feel much better.
The meliai hits you with a +0 broad axe!
* * * LOW HITPOINT WARNING * * *
The meliai stings you but does no damage.
The meliai hits you with a +0 hand axe.
* * * LOW HITPOINT WARNING * * *
The meliai misses you.
The wolf spider hits you but does no damage.
The wolf spider barely misses you. The meliai hits you but does no damage.
The meliai stings you but does no damage.
The meliai hits you but does no damage. The meliai stings you!
* * * LOW HITPOINT WARNING * * *
The entropy weaver hits you but does no damage.
The entropy weaver misses you. The entropy weaver hits you.
You die...

../..... .........^.....
........ s..............
........
................
.......^
........................
............^...........
....s..†..^............
.......y†.............
.^###.Bsy....^##..#.#..
#.y@...^..#^.....#
#^..T.#.......# .##
###....#......##..##
#.†......~≈......^^
#........#≈........
#..#...~#~≈~~..##..
#...#..~.~~≈~......
#........~≈........
#.....^..~~........


You could see an entropy weaver, a wolf spider, 2 orb spiders, 3 meliai and a
friendly troll (summoned, berserk).

Vanquished Creatures
  Mara (Spider:2)
  Arachne (Spider:2)
  A thorn hunter (Swamp:4)
  Donald (Swamp:2)
  A fenstrider witch (Swamp:1)
  2 ghost moths
  Louise (Swamp:2)
  An orc warlord (Bailey)
  A reaper (IceCv)
  A broodmother (Spider:3)
  2 eleionomae
  4 bunyips
  A spark wasp (Spider:2)
  A minotaur (Gauntlet)
  Azrael (Spider:1)
  An ettin (Orc:2)
  Snorg (Lair:3)
  A fire dragon (Lair:5)
  A shambling mangrove (Swamp:4)
  Fannar (Lair:1)
  17 hydras
  2 ogre magi (Orc:2)
  5 radroaches
  6 boulder beetles
  3 ghost crabs
  3 jorogumos
  7 centaur warriors
  10 two-headed ogres
  13 alligators
  Urug (Lair:4)
  An orc high priest (Orc:2)
  A spriggan berserker (Swamp:4)
  Amaemon (Lair:3)
  2 fire crabs (Lair:5)
  3 skeletal warriors (D:12)
  2 sun moths (Spider:2)
  6 pharaoh ants
  4 spriggan druids
  5 goliath frogs
  Lodul (D:13)
  2 deep trolls
  16 orb spiders
  4 bog bodies
  3 wizards
  Pikel (D:4)
  A deep troll (shapeshifter) (D:13)
  9 swamp dragons
  5 steelbarb worms
  2 orc knights
  7 lindwurms
  2 wolf spider zombies (D:15)
  A necromancer (D:15)
  3 deep elf pyromancers
  3 orc sorcerers
  19 wolf spiders
  5 ugly things
  A salamander (shapeshifter) (D:13)
  8 cyclopes
  A moth of wrath (Spider:4)
  7 will-o-the-wisps
  6 manticores
  3 ice statues
  10 elephants (Lair:2)
  2 centaur zombies (D:15)
  A naga mage (D:15)
  4 demonic crawlers
  9 black mambas
  7 torpor snails
  An orange demon (Lair:3)
  2 molten gargoyles (Lair:5)
  8 cane toads
  13 komodo dragons
  3 freezing wraiths
  A kobold demonologist (D:13)
  A komodo dragon (shapeshifter) (D:13)
  An efreet (D:14)
  An ice devil (Gauntlet)
  3 rime drakes
  2 anaconda simulacra (IceCv)
  10 trolls
  A polar bear (Lair:4)
  9 meliai
  3 tyrant leeches
  Grinder (D:6)
  20 tarantellas
  8 hornets
  10 blink frogs
  Prince Ribbit (Lair:3)
  A harpy skeleton (D:15)
  2 dream sheep (Lair:5)
  24 jumping spiders
  19 slime creatures
  A centaur simulacrum (D:15)
  A vampire (D:12)
  A dire elephant simulacrum (IceCv)
  14 culicivoras
  5 spriggans
  6 shadows
  6 water elementals (D:13)
  3 wraiths
  57 yaks
  4 wyverns
  A fire elemental (Spider:1)
  Grum (Lair:1)
  41 redbacks
  A steam dragon (Lair:5)
  19 vampire mosquitoes
  4 basilisks
  2 death yak simulacra (IceCv)
  29 swamp worms
  6 wargs
  A harpy simulacrum (IceCv)
  2 two-headed ogre zombies (D:10)
  14 water moccasins
  A hydra simulacrum (IceCv)
  6 hell hounds
  4 swamp drakes
  An ice beast (D:5)
  26 orc warriors
  4 black bears
  A sky beast (D:7)
  6 wolves (Lair:1)
  8 centaurs
  27 ogres
  3 lemures (D:4)
  2 phantoms (D:10)
  2 kobold brigands (D:8)
  Blork the orc (D:4)
  2 gnoll sergeants (D:7)
  2 cane toad simulacra (IceCv)
  9 bullfrogs
  3 scorpions
  5 two-headed ogre simulacra (IceCv)
  4 wights (D:9)
  4 killer bees (D:9)
  4 elephant simulacra (IceCv)
  8 howler monkeys
  A vampire bat (D:11)
  6 electric eels
  5 lava snakes (Lair:5)
  2 hounds
  A jelly (D:4)
  18 orc priests
  A gnoll bouda (D:8)
  4 sleepcaps
  An iguana (D:5)
  20 orc wizards
  2 polar bear simulacra (IceCv)
  4 troll simulacra (IceCv)
  6 spriggan simulacra (IceCv)
  2 wolf simulacra (IceCv)
  6 ogre zombies (D:10)
  22 gnolls
  9 adders
  4 naga simulacra (IceCv)
  A river rat (D:4)
  12 white imps
  7 ufetubi
  4 worms
  2 dart slugs
  83 orcs
  9 ball pythons
  3 bat skeletons (D:11)
  A bat zombie (D:11)
  8 endoplasms
  3 giant cockroaches
  12 goblins
  13 hobgoblins
  10 kobolds
  3 quokkas (D:1)
  7 bats
  3 frilled lizards
  4 goblin zombies (D:10)
  5 hobgoblin zombies (D:10)
  An orc skeleton (D:10)
  15 orc zombies (D:10)
  10 rats
  A spectral weapon (Swamp:4)
1088 creatures vanquished.

Vanquished Creatures (collateral kills)
  An orc warlord (Orc:1)
  A lindwurm (Lair:5)
  A cane toad (Lair:5)
  A komodo dragon (Lair:5)
  4 dream sheep (Lair:5)
  A blink frog (Lair:3)
  A wyvern (Lair:5)
  4 yaks (Lair:5)
  A basilisk (Lair:5)
15 creatures vanquished.

Vanquished Creatures (others)
  A steelbarb worm (Spider:2)
  A bloated husk (Swamp:4)
  2 jumping spiders
  A culicivora (Spider:2)
  2 swamp drakes (Swamp:4)
  32 foxfires
39 creatures vanquished.

Grand Total: 1142 creatures vanquished

Notes
Turn   | Place    | Note
-------+----------+-------------------------------------------
     0 | D:1      | 2SB3 the Minotaur Berserker began the quest for the Orb.
     0 | D:1      | Reached XP level 1. HP: 19/19 MP: 0/0
   219 | D:1      | Reached XP level 2. HP: 27/27 MP: 1/1
   970 | D:2      | Identified the +2 ring mail "Qodefotei" {rC+ Str+3 Dex+4
                  | Stlth-}
   979 | D:2      | Reached XP level 3. HP: 33/33 MP: 2/2
  1074 | D:2      | Reached ** piety under Trog
  1166 | D:2      | Reached XP level 4. HP: 37/41 MP: 3/3
  1497 | D:3      | Reached skill level 5 in Axes
  1761 | D:3      | Found a sacrificial altar of Ru.
  1768 | D:3      | Reached skill level 5 in Fighting
  1768 | D:3      | Reached XP level 5. HP: 48/48 MP: 4/4
  1861 | D:3      | Reached *** piety under Trog
  2272 | D:3      | Found a sparkling altar of Nemelex Xobeh.
  2802 | D:4      | Identified the +6 chain mail of Naosed {rF+}
  2895 | D:4      | Noticed Blork the orc
  2907 | D:4      | Killed Blork the orc
  2908 | D:4      | Reached XP level 6. HP: 56/57 MP: 5/5
  3024 | D:4      | Noticed Pikel
  3036 | D:4      | Killed Pikel
  3037 | D:4      | Reached XP level 7. HP: 28/66 MP: 6/6
  3131 | D:4      | Found a glowing drain.
  3146 | Sewer    | Entered a sewer
  3340 | Sewer    | Reached XP level 8. HP: 61/73 MP: 7/7
  4067 | D:5      | Entered Level 5 of the Dungeon
  4068 | D:5      | Found a radiant altar of Vehumet.
  4178 | D:5      | Reached skill level 5 in Armour
  4424 | D:5      | Reached skill level 1 in Evocations
  4520 | D:5      | Found a snail-covered altar of Cheibriados.
  4707 | D:5      | Reached skill level 5 in Dodging
  4712 | D:5      | Found an iron altar of Okawaru.
  5078 | D:6      | Noticed Grinder
  5096 | D:6      | Killed Grinder
  5324 | D:6      | Found a staircase to the Ecumenical Temple.
  5384 | D:6      | Reached XP level 9. HP: 52/82 MP: 8/8
  5872 | D:7      | Reached **** piety under Trog
  6076 | D:7      | Found a glowing golden altar of the Shining One.
  6093 | D:7      | Found a shadowy altar of Dithmenos.
  7059 | D:8      | Found a burning altar of Makhleb.
  7060 | D:8      | Found an opulent altar of Gozag.
  7067 | D:8      | Reached skill level 10 in Axes
  7253 | D:8      | Reached skill level 10 in Fighting
  7535 | D:8      | Reached XP level 10. HP: 84/93 MP: 9/9
  8051 | D:9      | Reached ***** piety under Trog
  8064 | D:9      | Found a flagged portal.
  8088 | Bailey   | Entered a bailey
  8713 | Bailey   | Noticed an orc warlord
  8928 | Bailey   | Killed an orc warlord
  9909 | D:10     | Entered Level 10 of the Dungeon
  9979 | D:10     | Found a basalt altar of Yredelemnul.
 10036 | D:10     | Found a staircase to the Orcish Mines.
 10048 | D:10     | Received a gift from Trog
 10175 | D:10     | Reached XP level 11. HP: 89/104 MP: 10/10
 10806 | D:10     | Noticed a lindwurm
 10837 | D:10     | Reached skill level 5 in Evocations
 10837 | D:10     | Reached XP level 12. HP: 115/115 MP: 11/11
 10896 | D:10     | Found the +5 demon whip "Spellbinder" {antimagic, disrupt,
                  | Will+}
 10910 | D:10     | HP: 8/172 [lindwurm/blast of flame (16)]
 11364 | D:11     | Found a gate leading to a gauntlet.
 11395 | Gauntlet | Entered a Gauntlet
 11395 | Gauntlet | Noticed a quicksilver ooze
 11395 | Gauntlet | Found a transporter.
 11395 | Gauntlet | Found a transporter.
 11395 | Gauntlet | Found a transporter.
 11399 | Gauntlet | Found a transporter.
 11399 | Gauntlet | Found a transporter.
 11409 | Gauntlet | Found a transporter.
 11474 | Gauntlet | Found a transporter.
 11485 | Gauntlet | Found the +3 pair of mountain boots {steadfast, rC+}
 11490 | Gauntlet | Found a transporter.
 11499 | Gauntlet | Found a transporter.
 11501 | Gauntlet | Found a large runed translucent door.
 11502 | Gauntlet | Found a large runed translucent door.
 11503 | Gauntlet | Found a large runed translucent door.
 11503 | Gauntlet | Found a large runed translucent door.
 11503 | Gauntlet | Found a runed translucent door.
 11503 | Gauntlet | Found a runed translucent door.
 11504 | Gauntlet | Found a large runed translucent door.
 11505 | Gauntlet | Found a large runed translucent door.
 11506 | Gauntlet | Found a large runed translucent door.
 11506 | Gauntlet | Found a large runed translucent door.
 11507 | Gauntlet | Found a runed translucent gate.
 11507 | Gauntlet | Found a runed translucent gate.
 11507 | Gauntlet | Found a runed translucent gate.
 11509 | Gauntlet | Found a transporter.
 11518 | Gauntlet | Found a large runed translucent door.
 11518 | Gauntlet | Found a large runed translucent door.
 11519 | Gauntlet | Found a large runed translucent door.
 11520 | Gauntlet | Found a large runed translucent door.
 11524 | Gauntlet | Found a transporter.
 11530 | Gauntlet | Found a transporter.
 11562 | Gauntlet | Found a large runed translucent door.
 11563 | Gauntlet | Found a large runed translucent door.
 11564 | Gauntlet | Found a large runed translucent door.
 11564 | Gauntlet | Found a large runed translucent door.
 12232 | Gauntlet | Noticed a minotaur
 12242 | Gauntlet | Killed a minotaur
 12258 | Gauntlet | Identified the amulet of the Duke {Faith Int+3}
 12258 | Gauntlet | Identified the ring "Byb Xuon" {Fly rCorr Str+3 Stlth+}
 12331 | D:11     | Found an ancient bone altar of Kikubaaqudgha.
 12388 | D:11     | Noticed a two-headed ogre
 12399 | D:11     | Killed a two-headed ogre
 12406 | D:11     | Reached skill level 10 in Armour
 12641 | D:11     | Received a gift from Trog
 12839 | D:11     | Found a staircase to the Lair.
 13014 | D:11     | Found a staircase to the Lair.
 13165 | D:11     | Found an ancient bone altar of Kikubaaqudgha.
 13449 | Lair:1   | Entered Level 1 of the Lair of Beasts
 13471 | Lair:1   | Noticed Fannar
 13492 | Lair:1   | Killed Fannar
 13664 | Lair:1   | Noticed Grum
 13680 | Lair:1   | Killed Grum
 14112 | Lair:1   | Reached XP level 13. HP: 121/125 MP: 4/12
 15158 | Lair:2   | Found a staircase to the Swamp.
 15165 | Lair:2   | Reached skill level 15 in Fighting
 15245 | Lair:2   | Reached skill level 15 in Axes
 15333 | Lair:2   | Reached skill level 10 in Dodging
 15766 | Lair:3   | Found a glowing silver altar of Zin.
 15962 | Lair:3   | Noticed Prince Ribbit
 15963 | Lair:3   | Found a hole to the Spider Nest.
 15974 | Lair:3   | Killed Prince Ribbit
 16188 | Lair:3   | Noticed Snorg
 16198 | Lair:3   | Killed Snorg
 16268 | Lair:3   | Noticed Amaemon
 16277 | Lair:3   | Killed Amaemon
 16889 | Lair:4   | Received a gift from Trog
 17682 | Lair:4   | Noticed Urug
 17691 | Lair:4   | Killed Urug
 18206 | Lair:5   | Entered Level 5 of the Lair of Beasts
 18226 | Lair:5   | Reached XP level 14. HP: 127/137 MP: 4/13
 19061 | Lair:5   | Received a gift from Trog
 19319 | Lair:5   | Found a viscous altar of Jiyva.
 19319 | Lair:5   | Found a staircase to the Slime Pits.
 20331 | Lair:5   | Found a large runed translucent door.
 20331 | Lair:5   | Found a large runed translucent door.
 21745 | D:12     | Received a gift from Trog
 22276 | D:13     | Found a gate to the Vaults.
 23057 | D:13     | Identified the +4 pair of boots of Inaqaut {rPois Stlth+}
 23193 | D:13     | Reached XP level 15. HP: 107/147 MP: 4/14
 23332 | D:13     | Noticed Lodul
 23341 | D:13     | Killed Lodul
 23555 | D:13     | Identified the +9 shortbow of Oddolur {drain, Int+2}
 23560 | D:13     | Received a gift from Trog
 25277 | D:15     | Entered Level 15 of the Dungeon
 25951 | D:15     | Found a staircase to the Depths.
 26720 | Orc:1    | Entered Level 1 of the Orcish Mines
 26796 | Orc:2    | Entered Level 2 of the Orcish Mines
 26800 | Orc:2    | Received a gift from Trog
 26828 | Orc:2    | Found a staircase to the Elven Halls.
 26847 | Orc:2    | Found Syebreveb's Antique Armour Emporium.
 26880 | Orc:1    | Found a frozen archway.
 26905 | IceCv    | Entered an ice cave
 27402 | IceCv    | Reached ****** piety under Trog
 28300 | Orc:1    | Found Qonoro's Antique Weapon Emporium.
 28690 | Orc:2    | Bought a pair of masterwork boots for 361 gold pieces
 28690 | Orc:2    | Identified the +0 pair of boots of Xofol {+Blink rN++ rCorr
                  | Dex-3} (You bought it in a shop on level 2 of the Orcish
                  | Mines)
 28743 | Orc:2    | Received a gift from Trog
 29579 | Orc:2    | Reached XP level 16. HP: 139/159 MP: 15/15
 29626 | Orc:2    | Reached skill level 10 in Evocations
 29727 | Orc:2    | Found Ypius's Antique Armour Emporium.
 29729 | Orc:2    | Found Hose Ofa's Book Shop.
 29742 | Orc:2    | Found Epnilaco's General Store.
 29743 | Orc:2    | Found Joson's Magic Scroll Shop.
 29773 | Orc:2    | Bought a scroll of fear for 64 gold pieces
 29773 | Orc:2    | Bought a scroll of fear for 64 gold pieces
 29773 | Orc:2    | Bought a scroll of acquirement for 832 gold pieces
 29773 | Orc:2    | Bought a scroll of identify for 32 gold pieces
 29773 | Orc:2    | Bought a scroll of immolation for 64 gold pieces
 29773 | Orc:2    | Bought a scroll of immolation for 64 gold pieces
 29773 | Orc:2    | Bought a scroll of summoning for 152 gold pieces
 29773 | Orc:2    | Bought a scroll of noise for 16 gold pieces
 29773 | Orc:2    | Bought a scroll of identify for 32 gold pieces
 29773 | Orc:2    | Bought a scroll of teleportation for 48 gold pieces
 29781 | Orc:2    | Acquired a +1 pair of gloves of stealth
 29794 | Orc:2    | Bought a scroll of summoning for 114 gold pieces
 29794 | Orc:2    | Bought a wand of iceblast (5) for 144 gold pieces
 29794 | Orc:2    | Bought a potion of ambrosia for 96 gold pieces
 29794 | Orc:2    | Bought a potion of invisibility for 96 gold pieces
 30085 | Swamp:1  | Entered Level 1 of the Swamp
 30415 | Swamp:1  | Found a transporter.
 31178 | Swamp:1  | Found a transporter.
 31182 | Swamp:1  | Identified the +2 helmet of a ziggurat {rCorr Str+3}
 31184 | Swamp:1  | Identified the ring "Jurorup" {Fire Int+4}
 31552 | Swamp:1  | Reached XP level 17. HP: 162/162 MP: 16/16
 31740 | Swamp:1  | Received a gift from Trog
 31997 | Swamp:2  | Noticed Donald
 32147 | Swamp:2  | Killed Donald
 32654 | Swamp:2  | You are sucked into a shaft and drop 1 floor!
 33029 | Swamp:2  | Noticed Louise
 33045 | Swamp:2  | Killed Louise
 33630 | Swamp:4  | Entered Level 4 of the Swamp
 34124 | Swamp:4  | Received a gift from Trog
 35167 | Swamp:4  | Reached skill level 15 in Armour
 35434 | Swamp:4  | Got a decaying rune of Zot
 35467 | Swamp:4  | Reached XP level 18. HP: 110/178 MP: 17/17
 35467 | Swamp:4  | Received a gift from Trog
 36172 | Spider:1 | Entered Level 1 of the Spider Nest
 37022 | Spider:1 | Noticed Azrael
 37033 | Spider:1 | Killed Azrael
 37258 | Spider:1 | Gained mutation: Armour fits poorly on your strangely
                  | shaped body. [mutagenic glow]
 37267 | Spider:1 | Gained mutation: You are frail. (-10% HP) [mutagenic glow]
 37654 | Spider:1 | Received a gift from Trog
 40152 | Spider:2 | Noticed Arachne
 40194 | Spider:2 | Killed Arachne
 40635 | Spider:2 | Received a gift from Trog
 42475 | Spider:2 | Paralysed by a jorogumo for 2 turns
 43910 | Spider:3 | Noticed Mara
 44045 | Spider:3 | Noticed 2SB3's illusion
 44167 | Spider:2 | Noticed 2SB3's illusion
 44176 | Spider:2 | HP: 8/162 [Mara (illusionary)/bolt of fire (27)]
 44475 | Spider:2 | Killed Mara
 44476 | Spider:2 | Reached skill level 15 in Dodging
 44843 | Spider:3 | Received a gift from Trog
 45539 | Spider:4 | Entered Level 4 of the Spider Nest
 46015 | Spider:3 | Lost intelligence.
 47990 | Spider:4 | HP: 5/162 [entropy weaver (7)]
 47991 | Spider:4 | HP: 2/162 [meliai/+0 hand axe (8)]
 47991 | Spider:4 | Slain by an entropy weaver

Illustrated notes

Levels and vault maps discovered:
D:1:      onia_arrival_handbag, layout_loops_corners, skrybe_limestone_x
D:2:      layout_rooms
D:3:      layout_basic, nicolae_ru_great_annihilating_truth,
          nemelex_altar_shiori
D:4:      layout_layer_cave, portal_sewer_entry_c, uniq_blork_the_orc,
          uniq_pikel
D:5:      layout_loops_ring, marbit_many_paths,
          mainiacjoe_overflow_six_doors_small,
          hellmonk_okawaru_the_only_friend_you_need, minmay_misc_feat_hallway,
          dk_vineyard_3
D:6:      layout_basic, minmay_temple_entry_antechambers, grunt_ministairs_11,
          uniq_grinder
D:7:      layout_cave_pods, nicolae_dithmenos_the_darkroom,
          kennysheep_little_box
D:8:      layout_basic, grunt_temple_overflow_open
D:9:      layout_stronghold, enter_bailey_5, serial_column_ruins,
          column_ruins_hut_ruined, column_ruins_grid_1, column_ruins_open_small,
          column_ruins_corridor_plus, column_ruins_columns_straight,
          column_ruins_columns_T, column_ruins_open_small
D:10:     layout_loops_corners, mainiacjoe_overflow_alcove_4, zombieorc2_lemuel,
          minmay_lindwurm_lava
D:11:     layout_cave_pools, erik_lair_orcish_takeover, gauntlet_entry_generic,
          hangedman_decor_clover_reticule, kennysheep_vampire_church
D:12:     layout_long_grid
D:13:     minmay_statue_hallways, layout_basic, david_vaults_2,
          grunt_ministairs_4, uniq_lodul
D:14:     layout_roguey, serial_park_square2
D:15:     grunt_enter_depths_magical_seal, layout_loops_ring, roderic_lattice_a
Lair:1:   layout_small_grid, infiniplex_staircase_pool_2, lemuel_fruit_fields,
          grunt_megastairs_4, uniq_grum, uniq_fannar
Lair:2:   layout_regular_city, nicolae_swamp_entry_splash_gauntlet
Lair:3:   layout_loops_ring, nicolae_spider_entry_orb_guardian, basic_altar,
          st_stairs_12, grunt_megastairs_2, uniq_prince_ribbit2, uniq_amaemon,
          uniq_snorg
Lair:4:   layout_concentric_octagons, uniq_urug
Lair:5:   cheibrodos_lair_end_hotspot, layout_layer_cave,
          dpeg_slime_entry_enclosed, infiniplex_staircase_pool
Swamp:1:  gammafunk_worm_tunnel, layout_falls_marsh,
          nicolae_swamp_ascending_descending, swamp_pool1,
          nicolae_swamp_feature_on_the_river_bank
Swamp:2:  layout_falls_marsh, nicolae_swamp_decorative_isthmus, uniq_louise,
          uniq_donald
Swamp:3:  layout_basic_swamp, evilmike_swamp_ruin_house_2
Swamp:4:  swamp_alternative, layout_basic_swamp, swamp_pool1,
          nzn_swamp_dancing_lights
Spider:1: layout_cave_pods, uniq_azrael
Spider:2: layout_cave_pods, nicolae_spider_orb_run,
          hangedman_spider_tarantella_strand, uniq_arachne
Spider:3: layout_spider_delve, uniq_mara
Spider:4: grunt_spider_rune_parallel, nicolae_spider_not_touching_you
Orc:1:    layout_diamond_mine, basic_altar, serial_shops,
          nicolae_lakefront_shop, portal_ice_cave_entry_pillars_1,
          nicolae_orc_lava_tube
Orc:2:    st_orc_open, layout_caves, serial_shops,
          nicolae_shop_pleasant_corner_grove

Skill      XL: |  1  2  3  4  5  6  7  8  9 10 11 12 13 14 15 16 17 18 |
---------------+-------------------------------------------------------+-----
Fighting       | 4 5 7 8 10 11 13 14 16 17 18 19 20 | 20.9
Axes           | 4 5 7 8 10 11 13 14 16 17 18 19 20 | 20.9
Armour         | 3 4 5 7 8 9 10 11 12 13 14 15 16 | 16.5
Dodging        | 3 4 5 6 7 8 9 10 11 12 13 14 15 | 15.2
Evocations     | 2 3 4 5 6 7 9 10 11 12 | 12.5

Action                     |  1- 3 |  4- 6 |  7- 9 | 10-12 | 13-15 | 16-18 || total
---------------------------+-------+-------+-------+-------+-------+-------++-------
  Melee: Hand axe          |    68 |       |       |       |       |       ||    68
         Headbutt          |    13 |     8 |    47 |    76 |   265 |   179 ||   588
         War axe           |     5 |    81 |   247 |   116 |       |       ||   449
         Punch             |       |     1 |     3 |     8 |     7 |       ||    19
         Broad axe         |       |       |       |   123 |       |       ||   123
         Demon whip        |       |       |       |   218 |   545 |       ||   763
         Battleaxe         |       |       |       |       |   279 |       ||   279
         Executioner's axe |       |       |       |       |   258 |   835 ||  1093
 Invoke: Berserk           |       |     2 |     2 |     4 |     2 |     8 ||    18
         Trog's Hand       |       |       |     1 |     1 |     1 |     6 ||     9
         Brothers in Arms  |       |       |       |       |     2 |     1 ||     3
  Evoke: Box of beasts     |       |       |       |       |     2 |     1 ||     3
         Wand              |       |       |       |       |     1 |     9 ||    10
         Phial of floods   |       |       |       |       |     1 |     2 ||     3
         Condenser vane    |       |       |       |       |     1 |       ||     1
    Use: Scroll            |       |     6 |     9 |     6 |     6 |     5 ||    32
         Potion            |       |       |       |     4 |     4 |    10 ||    18
   Stab: Sleeping          |       |       |       |       |       |     1 ||     1
 Armour: Leather armour    |     6 |       |       |       |       |       ||     6
         Scale mail        |    25 |     1 |       |       |       |       ||    26
         Ring mail         |       |    31 |       |       |       |       ||    31
         Chain mail        |       |    21 |   143 |   251 |   595 |   759 ||  1769
  Dodge: Dodged            |    46 |    69 |   133 |   250 |   630 |   788 ||  1916
